 Dungeon Crawl Stone Soup version 0.18.1-48-g4cf74bf (webtiles) character file.

567 torvon the Skirmisher (level 7, -7/55 HPs)
             Began as a Demonspawn Abyssal Knight on Aug 7, 2016.
             Was a Priest of Lugonu.
             Mangled by Duvessa
             ... wielding a cursed -3 short sword
              (8 damage)
             ... on level 5 of the Dungeon.
             The game lasted 00:17:17 (4891 turns).

torvon the Skirmisher (Demonspawn Abyssal Knight)   Turns: 4891, Time: 00:17:20

Health: -7/55      AC:  6    Str: 15    XL:     7   Next: 11%
Magic:  8/8        EV: 13    Int: 13    God:    Lugonu [***...]
Gold:   128        SH:  0    Dex: 12    Spells: 0 memorised, 6 levels left

rFire  . . .     SeeInvis .     k - +1 flail (crush)
rCold  + . .     Gourm    .     m - +3 leather armour
rNeg   . . .     Faith    .     (no shield)
rPois  .         Spirit   .     (no helmet)
rElec  .         Dismiss  .     (no cloak)
rCorr  .         Reflect  .     (no gloves)
SustAt .         Harm     .     (no boots)
MR     .....                    Y - amulet of regeneration
Stlth  +.........               (no ring)
                                Q - ring of protection from cold

@: lethally poisoned (-7 -> -8), not resistant to hostile enchantments, very
unstealthy
A: claws 1, spiny 1, sturdy frame 1
a: Depart the Abyss, Bend Space, Banish, Renounce Religion


You were on level 5 of the Dungeon.
You worshipped Lugonu.
Lugonu was most pleased with you.
You were not hungry.

You visited 1 branch of the dungeon, and saw 5 of its levels.
You visited the Abyss 1 time.

You collected 128 gold pieces.

Inventory:

Hand Weapons
 a - a +1 hand axe
 k - a +1 flail of crushing (weapon)
 R - a +0 dagger of freezing
Missiles
 c - 2 throwing nets
 E - a tomahawk of returning (quivered)
 J - 19 arrows
Armour
 b - a +0 leather armour
 m - a +3 leather armour (worn)
 S - a +0 robe
 V - a +0 leather armour
Jewellery
 Q - a ring of protection from cold (left claw)
 Y - an amulet of regeneration (around neck)
Wands
 Z - a wand of disintegration (12/24)
Scrolls
 e - a scroll of recharging {unknown}
 h - 2 scrolls of remove curse
 y - a scroll of enchant weapon {unknown}
 A - a scroll of immolation {unknown}
 B - 2 scrolls of magic mapping {unknown}
 C - a scroll of enchant armour {unknown}
 D - 2 scrolls of amnesia
 F - a scroll of noise {unknown}
 X - a scroll of fear {unknown}
Potions
 g - 3 potions of curing
 i - a potion of experience {unknown}
 l - a potion of heal wounds {unknown}
 n - a potion of lignification {unknown}
 p - 2 potions of agility
 u - a potion of might {unknown}
 v - 3 potions of degeneration
 P - a potion of flight {unknown}
Comestibles
 T - 4 fruits
 U - a bread ration


   Skills:
 + Level 4.4 Fighting
 + Level 0.6 Short Blades
 + Level 2.7 Axes
 + Level 0.1 Throwing
 + Level 3.8 Armour
 + Level 4.2 Dodging
 + Level 1.0 Stealth
 + Level 2.6 Invocations


You had 6 spell levels left.
You didn't know any spells.

Dungeon Overview and Level Annotations

Branches:
Dungeon (5/15)             Temple (0/1) D:4

Altars:
Nemelex Xobeh
Pakellas
Ru

Shops:
D:2 }

Annotations:
D:5 Duvessa


Innate Abilities, Weirdness & Mutations

You have sharp fingernails.
You are partially covered in sharp spines.
Your movements are slightly less encumbered by armour (ER -2).


Message History

Lugonu accepts your kill. Duvessa is struck by your spines.
Duvessa hits you with a short sword.
Press: ? - help, Shift-Dir - straight line, f - Duvessa
Aim: Duvessa, wielding a short sword (moderately wounded, berserk, fast, unusually strong, chance to defeat MR: 67%)
You fail to use your ability.
You feel sick. Duvessa closely misses you.
You sock Duvessa!
Duvessa is heavily wounded.
You feel sick. Duvessa closely misses you. Duvessa barely misses you.
You sock Duvessa!
Duvessa is severely wounded.
You feel sick. Duvessa hits you with a short sword!
Duvessa is struck by your spines. Duvessa hits you with a short sword.
* * * LOW HITPOINT WARNING * * *
You closely miss Duvessa.
Duvessa is severely wounded.
You feel sick. Duvessa is struck by your spines.
Duvessa hits you with a short sword!
* * * LOW HITPOINT WARNING * * *
Duvessa hits you with a short sword!
You die...

### #.. #.#
#)##.#
######@...#
#....e###.#
#.###.#
#..<#.#
#####.# ..#
###


You could see Duvessa (berserk).

Vanquished Creatures
  Dowan (D:5)
  A water moccasin skeleton (D:4)
  A howler monkey (D:4)
  A hound (D:4)
  An orc priest (D:4)
  5 orc wizards
  Jessica (D:3)
  An iguana (D:4)
  2 worker ants
  6 adders
  A dart slug (D:2)
  A giant gecko (D:1)
  11 orcs
  5 bats
  5 giant cockroaches
  5 goblins
  5 hobgoblins
  9 jackals
  6 kobolds
  A quokka (D:2)
  3 ball pythons
  A giant gecko skeleton (D:4)
  4 giant newts
  A quokka skeleton (D:4)
  6 rats
84 creatures vanquished.

Vanquished Creatures (others)
  2 starspawn tentacles (Abyss:1)
  4 starspawn tentacle segments (Abyss:1)
6 creatures vanquished.

Grand Total: 90 creatures vanquished

Notes
Turn   | Place    | Note
--------------------------------------------------------------
     0 | Abyss:1  | torvon the Demonspawn Abyssal Knight began the quest for the Orb.
     0 | Abyss:1  | Reached XP level 1. HP: 18/18 MP: 2/2
    65 | Abyss:1  | Noticed a smoke demon
    67 | Abyss:1  | Noticed a tentacled starspawn
    77 | D:1      | Escaped the Abyss
   382 | D:1      | Reached * piety under Lugonu
   595 | D:1      | Gained mutation: You are partially covered in sharp spines. [demonic ancestry]
   595 | D:1      | Reached XP level 2. HP: 15/24 MP: 3/3
   702 | D:1      | Reached skill level 1 in Dodging
  1083 | D:1      | Gained mutation: You have sharp fingernails. [demonic ancestry]
  1083 | D:1      | Reached XP level 3. HP: 29/29 MP: 4/4
  1765 | D:2      | Found a sparkling altar of Nemelex Xobeh.
  2005 | D:2      | Found a sacrificial altar of Ru.
  2061 | D:2      | Reached ** piety under Lugonu
  2115 | D:2      | Found an oddly glowing altar of Pakellas.
  2115 | D:2      | Found Pakellas's Prime Provisions.
  2451 | D:2      | Gained mutation: Your movements are slightly less encumbered by armour (ER -2). [demonic ancestry]
  2451 | D:2      | Reached XP level 4. HP: 25/37 MP: 5/5
  2800 | D:3      | Reached XP level 5. HP: 6/42 MP: 6/6
  3108 | D:3      | Noticed Jessica
  3114 | D:3      | Killed Jessica
  3959 | D:4      | Reached skill level 1 in Stealth
  3959 | D:4      | Reached XP level 6. HP: 42/48 MP: 7/7
  4019 | D:4      | Found a staircase to the Ecumenical Temple.
  4158 | D:4      | Reached *** piety under Lugonu
  4869 | D:5      | Entered Level 5 of the Dungeon
  4873 | D:5      | Noticed Duvessa
  4878 | D:5      | Noticed Dowan
  4884 | D:5      | Killed Dowan
  4884 | D:5      | Reached XP level 7. HP: 45/55 MP: 8/8
  4891 | D:5      | HP: 1/55 [Duvessa/short sword (12)]
  4891 | D:5      | Mangled by Duvessa

Skill      XL: |  1  2  3  4  5  6 |
---------------+-------------------+-----
Armour         | 2 3 |  3.8
Axes           | 2 |  2.7
Dodging        | 1 2 3 4 |  4.2
Fighting       | 4 |  4.4
Stealth        | 1 |  1.0
Short Blades   | |  0.6
Throwing       | |  0.1
Invocations    | |  2.6

Action                   |  1- 3 |  4- 6 |  7- 9 || total
-------------------------+-------+-------+-------++-------
Melee: Hand axe          |    73 |    16 |       ||    89
       Dagger            |       |    89 |       ||    89
       Flail             |       |     6 |     6 ||    12
Throw: Tomahawk          |       |     2 |       ||     2
Invok: Depart the Abyss  |     1 |       |       ||     1
  Use: Potion            |     2 |     1 |       ||     3
       Scroll            |     2 |     4 |       ||     6
 Stab: Sleeping          |       |     1 |       ||     1
  Eat: Meat ration       |     1 |       |       ||     1
       Bread ration      |     1 |       |       ||     1
       Royal jelly       |       |     1 |       ||     1
       Fruit             |       |     1 |       ||     1
Armor: Leather armour    |    27 |     9 |       ||    36
       Ring mail         |       |    20 |       ||    20
Dodge: Dodged            |    54 |    63 |     7 ||   124
